AoeStats
← Hotzenplotz1942

Black Forest

508944357Analyzed
2v2 RM · 8d ago on Sep 24, 2026· 71m 26s· 4 players
Game mode
Random Map
Map size
Medium (4 player)
Population
200
Speed
Normal
Resources
Standard
Victory
Conquest
Starting age
Dark Age
Ending age
Imperial Age
RankedLock teamsTeams togetherTeam positionsShared explorationLock speedFull tech treeHidden civsTurbo modeCheats
Victory
Defeat
🇸🇪 Persians · Sweden
862
+14
🇸🇪 Koreans · Sweden
788
+16
🇩🇪 Khmer · Germany
809
-15
🇩🇪 Teutons · Germany
808
-15
Cosmopor
0:29 Loom
15:31 Feudal Age
20:14 Castle Age
33:35 Imperial Age
31:25 Caravan
31:25 Gold Mining
31:29 Double-Bit Axe
31:32 Horse Collar
33:29 Wheelbarrow
33:06 Bow Saw
33:20 Heavy Plow
33:45 Fletching
34:07 Forging
34:04 Scale Barding Armor
36:06 Gold Shaft Mining
35:44 Double Crossbow
35:50 Double Crossbow
36:10 Conscription
37:22 Crop Rotation
37:51 Hand Cart
37:54 Siege Engineers
38:10 Ballistics
38:51 Iron Casting
38:11 Bodkin Arrow
38:29 Stone Mining
38:56 Tusk Swords
40:23 Chemistry
39:33 Masonry
40:05 Chain Barding Armor
40:46 Blast Furnace
41:38 Stone Shaft Mining
41:09 Scale Mail Armor
41:46 Plate Barding Armor
41:12 Bracer
42:27 Scale Mail Armor
42:51 Fortified Wall
43:13 Elite Ballista Elephant
45:41 Light Cavalry
47:10 Bloodlines
47:41 Husbandry
47:34 Hussar
Hotzenplotz1942
0:29 Loom
15:24 Feudal Age
18:01 Double-Bit Axe
22:23 Castle Age
23:57 Bow Saw
25:43 Stone Mining
25:44 Gold Mining
28:06 Wheelbarrow
28:05 Horse Collar
29:06 Caravan
29:47 Heavy Plow
31:40 Hand Cart
33:30 Gold Mining
37:15 Imperial Age
35:36 Man-at-Arms
35:37 Pikeman
36:03 Gambesons
36:19 Squires
36:40 Forging
36:31 Scale Mail Armor
37:21 Elite Teutonic Knight
39:44 Onager
41:53 Halberdier
42:41 Siege Onager
46:52 Ironclad
48:47 Chemistry
48:25 Bloodlines
FuriousHenry
0:30 Loom
13:00 Feudal Age
13:29 Double-Bit Axe
13:26 Horse Collar
15:14 Man-at-Arms
20:07 Stone Mining
20:09 Gold Mining
23:32 Castle Age
24:54 Bow Saw
26:31 Gold Shaft Mining
26:03 Husbandry
27:28 Stone Mining
28:58 Caravan
29:25 Squires
29:56 Elite Skirmisher
32:06 Heavy Plow
32:46 Fletching
34:44 Wheelbarrow
33:55 Town Watch
35:45 Bodkin Arrow
36:25 Hand Cart
36:12 Town Patrol
36:38 Fervor
36:58 Ballistics
39:23 Imperial Age
37:35 Scale Mail Armor
37:53 Treadmill Crane
38:09 Murder Holes
38:32 Chain Mail Armor
38:44 Scale Barding Armor
38:42 Eupseong
40:16 Guilds
40:22 Siege Engineers
41:18 Chemistry
39:51 Heavy Rocket Cart
42:35 Shinkichon
42:24 Pikeman
49:51 Elite War Wagon
51:06 Conscription
53:24 Arrowslits
53:52 Fortified Wall
53:52 Masonry
55:44 Thumb Ring
56:06 Bracer
58:19 Halberdier
67:26 Sanctity
67:25 Block Printing
71:15 Plate Mail Armor
GrottUlla
0:42 Loom
15:31 Feudal Age
18:22 Gold Mining
18:25 Stone Mining
18:27 Double-Bit Axe
18:26 Horse Collar
21:56 Castle Age
20:44 Forging
25:02 Wheelbarrow
24:13 Town Watch
24:16 Pikeman
24:57 Squires
24:47 Gambesons
26:32 Heavy Plow
27:50 Bow Saw
30:44 Ballistics
31:02 Iron Casting
30:18 Fletching
30:28 Padded Archer Armor
34:21 Imperial Age
35:39 Two-Man Saw
35:02 Caravan
35:32 Coinage
35:38 Kamandaran
37:22 Hand Cart
38:43 Chemistry
37:44 Heated Shot
40:03 Cavalier
46:11 Husbandry
45:33 Light Cavalry
46:23 Bloodlines
48:31 Citadels
47:42 Elite War Elephant
50:33 Halberdier
53:57 Blast Furnace
52:53 Bodkin Arrow
52:58 Scale Mail Armor
53:04 Scale Barding Armor
53:15 Leather Archer Armor
55:18 Banking
54:59 Guilds
55:42 Arson
56:46 Conscription
57:25 Fervor
58:14 Hussar
58:17 Savar
60:06 Man-at-Arms
67:08 Ring Archer Armor
66:53 Chain Mail Armor
66:59 Chain Barding Armor
67:16 Crop Rotation
Connection lost

Rejoining the realm…

Still unreachable

The connection could not be restored.

Session expired

The server has moved on; the page needs a fresh start.